 Dungeon Crawl Stone Soup version 0.28.0-1-gb440e238dd (webtiles) character file.

Game seed: 9105389776113500110

46 Strat the Caller (level 3, -4/26 HPs)
             Began as a Ghoul Summoner on Feb 20, 2022.
             Slain by a goblin (5 damage)
             ... led by Robin
             ... on level 2 of the Dungeon.
             The game lasted 00:02:53 (1548 turns).

Strat the Caller (Ghoul Summoner)                   Turns: 1548, Time: 00:02:53

Health: -4/26      AC:  3    Str: 13    XL:     3   Next: 66%
Magic:  1/4        EV: 11    Int: 10    God:
Gold:   99         SH:  0    Dex:  9    Spells: 2/5 levels left

rFire   + . .      SeeInvis .     - Unarmed
rCold   + + .      Faith    .   (no shield)
rNeg    + + +      Spirit   .   d - +0 leather armour
rPois   ∞          Reflect  .   (no helmet)
rElec   +          Harm     .   (no cloak)
rCorr   +          Rampage  .   (no gloves)
Will    .....                   (no boots)
Stlth   +.........              (no amulet)
HPRegen 0.00/turn               (no ring)
MPRegen 0.09/turn               (no ring)

@: brilliant, resistant, inhibited regen
A: claws 1, cold resistance 1, negative energy resistance 3, inhibited
regeneration, torment resistance 2
a: no special abilities


You were on level 2 of the Dungeon.
You visited 1 branch of the dungeon, and saw 2 of its levels.

You collected 99 gold pieces.

Inventory:

Hand Weapons
 b - a +0 hunting sling
Missiles
 c - 23 stones
 e - 28 sling bullets
Armour
 a - a +0 robe
 d - a +0 leather armour (worn)
Scrolls
 i - a scroll of identify {unknown}
Potions
 h - a potion of cancellation {unknown}
 j - a potion of attraction {unknown}


   Skills:
 - Level 1.7 Dodging
 - Level 2.1 Stealth
 + Level 3.5 Unarmed Combat
 - Level 1.7 Spellcasting
 - Level 3.6 Summonings


You had 2 spell levels left.
You knew the following spells:

 Your Spells              Type           Power      Damage    Failure   Level
a - Summon Small Mammal   Summ           48%        N/A       10%         1
b - Call Imp              Summ           12%        N/A       14%         2

Your spell library contained the following spells:

 Spells                   Type           Power      Damage    Failure   Level
 Call Canine Familiar     Summ           12%        N/A       28%         3
 Summon Guardian Golem    Hex/Summ       6%         N/A       52%         3
 Tukima's Dance           Hex            1%         N/A       77%         3
 Summon Lightning Spire   Summ/Air       6%         N/A       89%         4
 Anguish                  Hex/Necr       0%         N/A       99%         4
 Enfeeble                 Hex            0%         N/A       100%        7


Dungeon Overview and Level Annotations

Branches:
Dungeon (2/15)

Altars:

Annotations:
D:2 Robin


Innate Abilities, Weirdness & Mutations

You thrive by killing the living.
You are immune to poison.
You have sharp fingernails.
Your flesh is cold resistant. (rC+)
You are immune to negative energy. (rN+++)
You do not regenerate when monsters are visible.
You are immune to unholy pain and torment.


Message History

You see here a hobgoblin corpse.
You barely miss the goblin. The goblin closely misses you.
Robin says, "My goblins will feast on your bones."
Casting: Call Imp (safe; 14% risk of failure)
Confirm with . or Enter, or press ? or * to list all spells.
You miscast Call Imp.
You are very lightly contaminated with residual magic.
Nothing appears to happen.
The goblin closely misses you.
It was a potion of brilliance.
You feel clever all of a sudden. The goblin closely misses you.
Your crimson imp blinks!
You closely miss the goblin. The goblin barely misses you.
Robin closely misses your crimson imp.
A goblin comes into view. It is wielding a +0 dagger.
You claw the goblin!
You kill the goblin!
Robin roars a battlecry!
The goblin goes into a battle-frenzy!
Your crimson imp hits Robin.
Robin hits your crimson imp with a +0 club.
A goblin comes into view. It is wielding a +0 dagger.
Your crimson imp hits Robin but does no damage.
Things that are here:
a +0 dagger; a goblin corpse Robin hits your crimson imp but does no damage.
Your crimson imp hits Robin but does no damage.
There is an open door here.
Your crimson imp disappears in a puff of smoke!
Robin throws the goblin at you!
* * * LOW HITPOINT WARNING * * *
The goblin hits you with a +0 dagger.
* * * LOW HITPOINT WARNING * * *
The goblin hits you with a +0 dagger.
* * * LOW HITPOINT WARNING * * *
Your magical contamination has completely faded away.
It was a potion of resistance.
You feel protected. The goblin hits you with a +0 dagger.
You die...

#.####g##.#######.# #§# #.##.#
#.# #.# #g##.# #.# #5#
#§##.#######.### ##### #g#
#†#....[..##...# ....## #.#
#)#..####.##...# ###).# #g#
##'#..# #...# .(...###.#
#...#########...# ###...##.#
#...g@..........# #.#.##.#
#)...########...# #.#..#.#
#....#......#...# #.# #.##.#.#
#....#.####.#..##.#(#
#.##.#.###....#.# #......#.#)#
#.##.#........#.# #..#.###.#.#
#.....)....(..#.###..#.###.#(#
#####.#.......#..........#.#g#
######....#....############.#.#


You could see a goblin (strong).

Vanquished Creatures
  An adder (D:2)
  A bat (D:2)
  5 endoplasms (D:1)
  A giant cockroach (D:1)
  5 goblins
  4 hobgoblins
  2 kobolds (D:2)
  A quokka (D:2)
  3 ball pythons
  5 frilled lizards
  2 rats
30 creatures vanquished.

Vanquished Creatures (collateral kills)
  A goblin (D:1)
  A hobgoblin (D:2)
  A frilled lizard (D:1)
3 creatures vanquished.

Grand Total: 33 creatures vanquished

Notes
Turn   | Place    | Note
-------+----------+-------------------------------------------
     0 | D:1      | Strat the Ghoul Summoner began the quest for the Orb.
     0 | D:1      | Reached XP level 1. HP: 14/14 MP: 2/2
    96 | D:1      | Reached skill level 1 in Unarmed Combat
   289 | D:1      | Reached XP level 2. HP: 13/20 MP: 3/3
   513 | D:1      | Learned a level 2 spell: Call Imp
   907 | D:2      | Reached XP level 3. HP: 11/26 MP: 2/4
  1494 | D:2      | Noticed Robin
  1546 | D:2      | HP: 1/26 [goblin[Robin] (1)]
  1548 | D:2      | Slain by a goblin

Illustrated notes

Levels and vault maps discovered:
D:1:      saegor_arrival_simple_e, layout_loops_ring
D:2:      layout_basic, serial_curves, eino_curves_01, eino_curves_03,
          hellmonk_ecumenical_altar_run_dry, uniq_robin, uniq_sigmund

Skill      XL: |  1  2 |
---------------+-------+-----
Unarmed Combat | 1 3 |  3.5
Dodging        | |  1.7
Stealth        | |  2.1
Spellcasting   | |  1.7
Summonings     | |  3.6

Action                   || total
-------------------------++-------
Melee: Unarmed           ||    41
 Fire: Hunting sling     ||    58
 Cast: Summon Small Mamm ||     7
       Call Imp          ||     2
  Use: Potion            ||     2
Armor: Robe              ||     2
       Leather armour    ||    17
Dodge: Dodged            ||    43
